Map: Data-C

Players

Scrumptious

  • Race: Terran Terran
  • League: Diamond
  • Spawn Location: 9:00

Metamyth - Winner!

  • Race: Zerg Zerg
  • League: Diamond
  • Spawn Location: 3:00

VOD

Have the link to the VOD?

Description

Time

  • Played on: Dec. 23, 2022, 8 p.m.
  • Length: 16:34
Show
View Real Time Build Order
Export as new Build Order

Scrumptious Terran 

Build Orders: Reaper Expand, Hellion Banshee 

Get SALT Encoding   

  12  0:00  SCV  
  13  0:13  SCV  
  14  0:17  Supply Depot  
  14  0:25  SCV  
  15  0:39  SCV  
  15  0:41  Barracks  
  16  0:44  Refinery  
  16  0:51  SCV  
  17  1:03  SCV  
  18  1:15  SCV  
  19  1:28  Reaper, Orbital Command  
  20  1:41  Command Center  
  20  1:48  Supply Depot  
  20  1:54  SCV  
  20  2:00  Marine  
  22  2:06  SCV  
  23  2:14  Factory  
  23  2:22  Barracks Reactor  
  23  2:23  SCV  
  24  2:46  Command Center  
  24  2:53  SCV  
  24  2:56  Orbital Command  
  25  3:02  Starport  
  25  3:06  Hellion  
  25  3:09  Hellion  
  29  3:16  Refinery  
  30  3:20  SCV, Barracks Tech Lab  
  30  3:26  SCV  
  31  3:29  Hellion  
  31  3:33  SCV  
  34  3:36  Hellion  
  34  3:39  SCV  
  37  3:46  SCV  
  38  3:51  Barracks Tech Lab  
  38  3:52  Hellion, Banshee  
  43  3:56  SCV  
  43  4:00  Hellion  
  46  4:06  Orbital Command  
  46  4:09  SCV  
  47  4:16  SCV  
  48  4:17  Marine, Stimpack  
  48  4:18  Hellion  
  48  4:21  SCV  
  52  4:29  Cloaking Field  
  52  4:30  SCV  
  53  4:32  SCV  
  53  4:33  SCV  
  55  4:39  Supply Depot  
  55  4:44  Marine, Banshee  
  59  4:47  Orbital Command  
  59  4:48  SCV x2  
  61  4:56  Supply Depot  
  61  4:59  Barracks  
  61  5:00  SCV x2  
  61  5:01  Barracks  
  65  5:12  SCV  
  64  5:14  Engineering Bay, SCV  
  64  5:15  Engineering Bay  
  64  5:20  Barracks  
  65  5:22  Barracks  
  65  5:23  SCV  
  65  5:25  Refinery x2  
  65  5:26  Supply Depot  
  65  5:27  Factory Tech Lab  
  66  5:38  SCV  
  66  5:39  SCV x2  
  69  5:43  Terran Infantry Weapons Level 1, Terran Infantry Armor Level 1  
  69  5:50  SCV  
  69  5:51  SCV x2  
  72  5:57  Starport Reactor  
  72  5:59  Factory Reactor, Barracks Reactor  
  72  6:02  SCV  
  72  6:03  SCV  
  74  6:07  Marine x2  
  76  6:12  SCV  
  76  6:13  Combat Shield  
  76  6:14  SCV, Marine x2  
  76  6:15  SCV  
  78  6:25  SCV, Marine x2  
  81  6:30  SCV  
  82  6:33  SCV  
  82  6:36  Armory  
  83  6:41  Medivac  
  83  6:46  Barracks  
  85  6:47  Marine x6, Medivac  
  85  6:50  Supply Depot  
  85  6:52  SCV  
  85  6:53  Supply Depot, Bunker  
  94  6:55  Supply Depot  
  94  7:05  Marine x2  
  96  7:11  SCV  
  96  7:13  SCV  
  98  7:17  Marine  
  98  7:18  Marine x5, Supply Depot  
  98  7:19  Medivac x2  
  108  7:23  SCV  
  109  7:43  Marine  
  107  7:52  Marine  
  107  7:53  Marine x2, Reaper  
  107  8:01  SCV  
  107  8:02  Refinery, Armory  
  107  8:03  Marine x4  
  107  8:05  Barracks Reactor  
  112  8:06  Command Center, Barracks  
  112  8:10  Marine, Barracks  
  106  8:34  Marine x8  
  106  8:35  Medivac x2  
  109  8:41  Marine x2  
  109  8:43  Terran Infantry Weapons Level 2, Terran Infantry Armor Level 2  
  109  8:45  Terran Vehicle Weapons Level 1  
  111  8:52  Marine  
  112  8:59  Terran Vehicle And Ship Armor Level 1  
  112  9:01  Refinery, Marine x4, Factory  
  112  9:02  Barracks Tech Lab  
  116  9:03  Barracks Tech Lab, Marauder x2  
  116  9:05  Medivac  
  116  9:08  Marine  
  116  9:09  Marine x2  
  125  9:10  Widow Mine  
  125  9:11  Drilling Claws  
  127  9:21  SCV  
  127  9:22  SCV  
  129  9:25  Marauder x2  
  129  9:29  Sensor Tower  
  129  9:30  Marine x9  
  129  9:31  Marine  
  143  9:32  Supply Depot x2  
  143  9:33  Supply Depot  
  143  9:37  Concussive Shells  
  143  9:46  Marine, Marauder, Factory Reactor  
  143  9:48  Marine x3  
  143  9:51  Marine  
  143  9:52  Marine  
  148  9:53  Marine  
  148  9:56  SCV x2  
  148  9:57  Marine x4  
  153  10:00  Medivac x2  
  153  10:03  Marine  
  153  10:15  Marine x3  
  153  10:20  Marine x3, Marauder x3  
  157  10:22  Marauder  
  136  10:30  Marine x2  
  136  10:33  Widow Mine, Marine x3  
  136  10:34  Widow Mine x2  
  147  10:39  Missile Turret  
  147  10:41  Missile Turret  
  147  10:42  Missile Turret  
  147  10:46  Missile Turret  
  147  10:48  SCV  
  148  10:55  Widow Mine x3  
  119  11:13  Marine x5  
  119  11:14  Marine  
  119  11:16  Widow Mine, Marine  
  119  11:17  Marine x5  
  123  11:31  Marine x3  
  126  11:36  Marine  
  126  11:37  Marine x8  
  135  11:49  Marine x3  
  135  11:54  Marine x2  
  135  11:55  Marauder x3  
  135  11:57  Command Center  
  130  12:17  Marine  
  130  12:21  Marine x3  
  134  12:29  Thor, Widow Mine x2  
  142  12:30  Marine x6  
  142  12:35  Marine  
  143  12:37  Marine  
  143  12:39  Marine x2  
  124  12:48  SCV x3, Marine x3  
  128  12:56  Marine  
  128  12:57  Marine x3  
  130  13:00  SCV x2  
  132  13:12  SCV x3  
  135  13:19  Planetary Fortress  
  135  13:24  SCV  
  135  13:28  Missile Turret  
  135  13:33  Marine x3  
  137  13:40  Marine x2, Barracks Tech Lab  
  139  13:41  Barracks Reactor  
  139  13:45  Marine  
  140  13:52  Marine x4  
  144  13:57  Marine  
  144  13:58  Marine  
  144  14:01  SCV  
  147  14:06  Widow Mine  
  147  14:07  Widow Mine  
  151  14:12  Marine  
  151  14:13  Marine  
  151  14:17  Marine x6  
  156  14:31  Marine  
  156  14:34  Marine  
  154  14:45  Marine x7  
  137  14:49  SCV x4, Marine x2  
  137  14:51  Widow Mine x3  
  137  14:52  Medivac x2  
  153  15:01  SCV  
  137  15:12  Marine x11  
  113  15:22  Medivac x2  
  113  15:26  SCV  
  111  15:30  Marine x3  
  95  16:01  Command Center  
Show
View Real Time Build Order
Export as new Build Order

Metamyth Zerg - Winner!

Build Orders: Hatch First 

Get SALT Encoding   

  12  0:00  Drone  
  13  0:12  Overlord  
  13  0:16  Drone  
  14  0:31  Drone x2  
  16  0:49  Hatchery  
  15  0:52  Drone  
  15  0:56  Drone  
  17  1:00  Drone  
  18  1:10  Extractor  
  17  1:15  Spawning Pool  
  16  1:18  Drone  
  16  1:22  Drone  
  18  1:28  Drone  
  19  1:39  Drone  
  20  1:49  Overlord  
  20  2:02  Queen x2  
  20  2:03  Zergling x4  
  26  2:20  Hatchery  
  25  2:25  Metabolic Boost  
  25  2:30  Drone  
  25  2:32  Drone  
  25  2:34  Drone  
  28  2:37  Drone  
  28  2:43  Drone x2  
  31  2:46  Drone  
  32  2:53  Overlord  
  32  2:57  Drone x2  
  34  3:04  Queen  
  36  3:11  Drone x3  
  36  3:12  Drone  
  40  3:17  Overlord  
  40  3:20  Drone x2  
  42  3:29  Drone x2  
  44  3:35  Queen  
  44  3:38  Drone  
  44  3:39  Drone, Queen  
  44  3:40  Drone  
  51  3:43  Drone  
  51  3:48  Overlord  
  52  3:54  Zergling x10  
  57  4:00  Overlord  
  57  4:11  Drone x2  
  57  4:12  Drone x3  
  57  4:14  Queen  
  64  4:17  Drone, Overlord  
  64  4:18  Drone  
  66  4:25  Spore Crawler  
  66  4:26  Spore Crawler  
  66  4:27  Spore Crawler  
  66  4:28  Drone x6  
  69  4:37  Lair  
  69  4:42  Drone x5, Baneling Nest  
  69  4:43  Extractor  
  72  4:53  Queen  
  72  4:56  Drone, Extractor  
  72  4:58  Overlord x3  
  74  5:03  Overlord x3  
  73  5:15  Queen  
  73  5:16  Zergling x16  
  83  5:25  Zergling x4  
  83  5:26  Zergling x10  
  83  5:27  Baneling x2  
  83  5:28  Baneling x3  
  90  5:31  Drone x2  
  90  5:34  Evolution Chamber x2  
  88  5:41  Overseer  
  88  5:44  Drone  
  88  5:45  Drone x6  
  95  5:55  Drone x3  
  95  5:56  Drone x2  
  100  5:59  Extractor  
  100  6:00  Drone x2, Extractor  
  100  6:02  Zerg Melee Weapons Level 1  
  99  6:26  Drone  
  99  6:27  Drone x9  
  99  6:32  Zerg Ground Armor Level 1  
  109  6:35  Drone x3  
  109  6:36  Drone  
  109  6:37  Drone  
  109  6:38  Extractor  
  109  6:39  Hatchery  
  112  6:41  Drone  
  112  6:42  Drone x3  
  112  6:46  Hatchery  
  115  6:49  Overseer  
  115  6:50  Pneumatized Carapace  
  113  7:10  Centrifugal Hooks  
  113  7:12  Drone  
  113  7:13  Drone x8  
  113  7:14  Overlord x3  
  121  7:34  Drone  
  121  7:35  Hatchery  
  121  7:39  Zergling x20, Spire  
  121  7:40  Zergling x2  
  131  7:49  Baneling x6  
  131  7:50  Baneling x4  
  125  7:58  Zergling x2  
  125  7:59  Zergling x20  
  125  8:02  Extractor  
  125  8:03  Extractor, Queen  
  125  8:04  Spore Crawler, Spine Crawler  
  125  8:05  Drone, Spine Crawler  
  133  8:06  Drone  
  133  8:09  Zergling x2  
  133  8:10  Zergling x2  
  134  8:20  Zergling x2  
  134  8:21  Zergling x16  
  136  8:33  Drone x5  
  136  8:34  Drone  
  131  8:43  Drone  
  131  8:44  Drone x3  
  131  8:47  Zerg Ground Armor Level 2, Zerg Melee Weapons Level 2  
  135  8:49  Queen  
  135  8:53  Hatchery  
  135  8:54  Infestation Pit  
  134  8:59  Extractor, Mutalisk, Spore Crawler  
  134  9:00  Extractor, Mutalisk x11  
  155  9:14  Mutalisk x2  
  159  9:17  Zergling x2  
  159  9:18  Zergling x6  
  159  9:19  Overlord x5  
  163  9:24  Zerg Flyer Weapons Level 1  
  163  9:35  Overlord  
  163  9:36  Overlord x3  
  163  9:40  Mutalisk x3  
  169  9:58  Zergling x2  
  169  9:59  Zergling x30  
  184  10:07  Mutalisk x3  
  175  10:32  Zergling x20  
  175  10:34  Hatchery  
  184  10:43  Mutalisk x3  
  136  11:13  Zergling x2  
  136  11:14  Zergling x26  
  136  11:18  Drone, Zerg Flyer Armor Level 1  
  146  11:26  Lair  
  146  11:32  Zergling x10  
  151  11:42  Mutalisk x5  
  161  12:01  Mutalisk x5  
  161  12:02  Mutalisk  
  168  12:12  Zergling x2  
  168  12:13  Zergling x26  
  177  12:27  Mutalisk x3  
  177  12:28  Mutalisk x4  
  171  12:38  Baneling x3  
  171  12:39  Baneling x5  
  167  12:49  Mutalisk x5  
  167  12:56  Zergling x2  
  167  12:57  Zergling x24  
  178  13:07  Queen  
  180  13:22  Mutalisk x3  
  186  13:33  Zerg Flyer Weapons Level 2  
  186  13:34  Hatchery  
  186  13:38  Queen  
  186  13:39  Drone  
  186  13:40  Drone x6  
  194  13:49  Hive  
  194  13:53  Zergling x2  
  194  13:54  Zergling x8  
  197  13:58  Overseer  
  197  13:59  Overseer  
  197  14:00  Overseer  
  197  14:13  Zergling x6  
  197  14:16  Baneling x9  
  197  14:17  Baneling x3  
  195  14:31  Zergling x2  
  195  14:32  Zergling x8  
  183  14:42  Zergling x22  
  183  14:43  Zergling x16  
  175  14:57  Zergling x2  
  175  14:58  Zergling x22  
  171  15:08  Zergling x2  
  171  15:09  Zergling x8  
  170  15:18  Mutalisk  
  170  15:19  Mutalisk x5  
  179  15:41  Ultralisk Cavern  
  149  15:59  Mutalisk  
  149  16:00  Mutalisk x7  
  165  16:07  Zergling x2  
  165  16:08  Zergling x38  
Tags
 
Add a new tag
Caveats
  • Supply blocks, unpowered buildings, or Contaminate may cause inaccurate times.
  • Supply counts are checked every 10 seconds.